AoeStats
← benitezamir

Coastal Forest

510415133Analyzed
4v4 RM · 2d ago on Sep 30, 2026· 49m 43s· 8 players
Game mode
Random Map
Map size
Large (8 player)
Population
200
Speed
Normal
Resources
Standard
Victory
Conquest
Starting age
Dark Age
Ending age
Imperial Age
RankedLock teamsTeams togetherTeam positionsShared explorationLock speedFull tech treeHidden civsTurbo modeCheats
Victory
Defeat
🇫🇷 Huns · France
1109
+11
🇨🇳 Maya · China
1011
+15
🇫🇷 Persians · France
998
+15
🇩🇪 Vikings · Germany
973
+16
🇦🇷 Franks · Argentina
1009
-15
🇦🇷 Portuguese · Argentina
1007
-15
🇦🇷 Goths · Argentina
978
-14
🇦🇷 Berbers · Argentina
947
-13
人在阵地在
0:37 Loom
10:16 Feudal Age
21:15 Fletching
21:25 Padded Archer Armor
21:43 Double-Bit Axe
26:19 Castle Age
25:20 Gold Mining
26:32 Horse Collar
26:22 Crossbowman
27:13 Thumb Ring
27:09 Bodkin Arrow
33:48 Heavy Plow
42:46 Leather Archer Armor
49:05 Imperial Age
47:56 Eagle Warrior
48:26 Pikeman
49:08 Scale Mail Armor
49:19 Forging
50:40 Wheelbarrow
49:27 Halberdier
Suko
9:18 Loom
12:03 Feudal Age
14:46 Fishing Lines
16:19 Wheelbarrow
18:23 Fishing Lines
20:48 Castle Age
20:14 Stone Mining
20:17 Gold Mining
22:09 Double-Bit Axe
22:15 Double-Bit Axe
22:21 Horse Collar
24:31 Heavy Plow
26:31 Bow Saw
27:57 Hand Cart
33:42 Scale Barding Armor
33:47 Forging
37:08 Bloodlines
37:07 Scale Barding Armor
37:38 Iron Casting
37:10 Husbandry
36:57 Light Cavalry
40:10 Imperial Age
38:49 Chain Barding Armor
39:43 Gold Shaft Mining
39:44 Stone Shaft Mining
41:37 Blast Furnace
41:12 Plate Barding Armor
41:01 Conscription
40:52 Cavalier
40:52 Hussar
40:59 Hussar
41:00 Cavalier
42:24 Savar
46:18 Caravan
nigel
10:05 Loom
12:15 Feudal Age
12:41 Double-Bit Axe
13:51 Man-at-Arms
14:18 Arson
21:36 Castle Age
23:21 Bow Saw
23:05 Gold Mining
22:57 Horse Collar
23:54 Forging
23:45 Scale Mail Armor
24:27 Gold Shaft Mining
24:30 Squires
23:51 Pikeman
23:52 Long Swordsman
25:50 Caravan
26:55 Chain Mail Armor
30:56 Iron Casting
33:49 Chieftains
34:34 Heavy Plow
39:46 Imperial Age
37:05 Town Watch
41:03 Plate Mail Armor
40:56 Conscription
40:56 Two-Handed Swordsman
41:18 Elite Varangian Guard
43:28 Champion
45:20 Coinage
44:32 Capped Ram
46:37 Siege Engineers
46:54 Ballistics
jawsy_
8:02 Loom
10:52 Feudal Age
15:38 Castle Age
13:39 Double-Bit Axe
14:34 Horse Collar
16:43 Bow Saw
17:18 Fletching
22:22 Bodkin Arrow
22:33 Gold Mining
23:48 Wheelbarrow
24:50 Thumb Ring
26:03 Heavy Plow
31:03 Imperial Age
28:54 Padded Archer Armor
29:00 Scale Barding Armor
29:06 Forging
29:41 Bloodlines
29:32 Husbandry
28:52 Light Cavalry
30:07 Ballistics
33:12 Chain Barding Armor
33:27 Iron Casting
35:05 Gold Shaft Mining
34:20 Stone Mining
35:26 Parthian Tactics
35:12 Bracer
37:24 Plate Barding Armor
37:49 Blast Furnace
36:45 Hussar
38:43 Heavy Cavalry Archer
41:14 Elite Skirmisher
44:05 Chemistry
43:32 Leather Archer Armor
CampanaUrban
1:45 Loom
11:32 Feudal Age
12:02 Feudal Age
11:55 Loom
17:16 Castle Age
22:23 Double-Bit Axe
22:24 Horse Collar
22:43 Gold Mining
27:20 Bow Saw
35:01 Imperial Age
33:08 Wheelbarrow
33:50 Fletching
34:06 Scale Barding Armor
34:12 Forging
34:10 Husbandry
34:31 Bloodlines
37:38 Conscription
43:41 Two-Man Saw
43:50 Arquebus
49:45 Bodkin Arrow
50:26 Iron Casting
50:12 Chain Barding Armor
benitezamir
8:52 Loom
10:38 Feudal Age
15:48 Castle Age
24:40 Double-Bit Axe
24:37 Horse Collar
26:48 Heavy Plow
27:00 Forging
26:51 Scale Mail Armor
28:14 Wheelbarrow
28:48 Iron Casting
33:01 Chain Mail Armor
33:05 Hand Cart
33:43 Fletching
34:37 Bodkin Arrow
37:43 Imperial Age
36:01 Anarchy
35:38 Man-at-Arms
36:19 Squires
36:51 Gold Mining
36:52 Stone Mining
38:55 Perfusion
39:08 Long Swordsman
40:23 Pikeman
42:42 Elite Huskarl
43:17 Halberdier
45:06 Bow Saw
46:34 Ballistics
47:14 Chemistry
46:17 Bracer
47:36 Murder Holes
jhonzx_11
14:38 Feudal Age
15:17 Double-Bit Axe
16:10 Wheelbarrow
19:25 Castle Age
18:33 Gold Mining
18:39 Stone Mining
22:45 Bow Saw
32:29 Wheelbarrow
34:41 Imperial Age
32:46 Husbandry
34:45 Cavalier
36:25 Hand Cart
38:24 Conscription
39:28 Chivalry
40:42 Capped Ram
41:59 Paladin
Lauchabtz
11:27 Feudal Age
12:12 Loom
16:24 Wheelbarrow
19:50 Castle Age
18:02 Double-Bit Axe
20:03 Fletching
21:53 Horse Collar
23:09 Gold Mining
27:03 Ballistics
26:51 Padded Archer Armor
29:17 Bodkin Arrow
36:13 Imperial Age
34:32 Bow Saw
34:53 Kasbah
36:39 Elite Genitour
37:25 Thumb Ring
41:52 Chemistry
42:22 Scale Barding Armor
42:28 Forging
42:20 Heavy Camel Rider
43:11 Bloodlines
43:02 Husbandry
44:27 Coinage
46:11 Chain Barding Armor
Connection lost

Rejoining the realm…

Still unreachable

The connection could not be restored.

Session expired

The server has moved on; the page needs a fresh start.